Map: Vaani Research Station (Void)

Players

Musumeci

  • Race: Zerg Zerg
  • League: Diamond
  • Spawn Location: 12:00

EchoSteel - Winner!

  • Race: Zerg Zerg
  • League: Diamond
  • Spawn Location: 6:00

VOD

Have the link to the VOD?

Description

Time

  • Played on: Jan. 2, 2017, 8:01 a.m.
  • Length: 17:08
Show
View Real Time Build Order
Export as new Build Order

Musumeci Zerg 

Build Orders: Hatch First 

Get SALT Encoding   

  12  0:01  Drone  
  13  0:08  Drone  
  13  0:12  Extractor  
  13  0:16  Drone  
  15  0:41  Hatchery  
  14  0:44  Extractor  
  14  0:46  Drone  
  15  1:03  Spawning Pool  
  14  1:10  Extractor  
  13  1:13  Drone  
  14  1:26  Overlord  
  14  1:31  Drone, Extractor  
  15  1:48  Drone  
  15  1:49  Drone x2  
  15  1:50  Queen  
  19  2:04  Queen  
  21  2:12  Metabolic Boost  
  21  2:27  Zergling x8  
  25  2:34  Overlord  
  25  3:00  Zergling x16  
  33  3:09  Overlord  
  33  3:12  Drone x2  
  35  3:15  Drone  
  36  3:31  Zergling x6  
  36  3:32  Zergling x2  
  39  3:47  Roach Warren  
  35  3:52  Zergling x2  
  35  3:53  Zergling x6  
  34  4:04  Zergling x6  
  31  4:24  Zergling x2  
  31  4:25  Zergling x10  
  35  4:39  Zergling x6  
  36  4:59  Zergling x2  
  36  5:00  Zergling x6  
  36  5:15  Evolution Chamber  
  36  5:16  Drone x2  
  36  5:18  Hatchery  
  36  5:26  Drone  
  36  5:27  Drone  
  38  5:30  Drone  
  38  5:32  Drone  
  40  5:39  Drone x2  
  42  5:51  Drone x2  
  42  5:54  Overlord  
  36  6:33  Roach x11  
  56  6:45  Lair  
  56  6:48  Drone  
  57  6:57  Zerg Missile Weapons Level 1  
  57  7:01  Queen, Extractor x2  
  57  7:03  Overlord  
  57  7:04  Overlord  
  57  7:13  Overlord  
  57  7:20  Extractor  
  57  7:21  Drone x2  
  57  7:22  Drone  
  59  7:23  Drone x2  
  59  7:24  Drone  
  59  7:28  Drone x2  
  64  7:30  Drone  
  65  7:38  Drone  
  65  7:39  Drone x2  
  68  7:49  Roach x2  
  73  7:51  Ravager x2  
  73  7:52  Ravager  
  73  7:54  Drone  
  73  7:58  Glial Reconstitution  
  76  8:01  Drone  
  76  8:02  Drone  
  76  8:04  Drone  
  79  8:10  Drone x2  
  81  8:40  Overlord x3  
  81  8:41  Overlord  
  80  8:59  Roach x13  
  80  9:01  Overlord  
  106  9:08  Zerg Missile Weapons Level 2  
  106  9:23  Roach x6  
  118  9:25  Drone x2  
  118  9:27  Drone  
  121  9:39  Overlord x3  
  121  9:57  Ravager x4  
  125  10:01  Roach x2  
  125  10:02  Roach x4, Overlord  
  125  10:03  Overlord  
  133  10:18  Overseer  
  133  10:19  Overseer  
  123  10:23  Drone x8  
  123  10:24  Spire  
  123  10:28  Extractor x2  
  128  10:39  Overlord x3  
  119  11:25  Drone x2  
  119  11:26  Drone x6  
  119  11:28  Drone x2  
  128  11:44  Extractor  
  128  11:45  Hatchery  
  128  11:46  Zerg Flyer Weapons Level 1, Mutalisk x5  
  128  11:47  Mutalisk x5  
  128  11:49  Extractor  
  128  11:53  Mutalisk x2  
  145  12:35  Mutalisk x7  
  139  13:15  Roach  
  139  13:16  Roach x7  
  155  13:23  Mutalisk x5, Roach  
  157  13:56  Drone x13  
  157  13:57  Infestation Pit  
  169  14:04  Queen  
  169  14:08  Ravager x5  
  169  14:09  Overlord x6  
  174  15:17  Roach x11  
  174  15:18  Roach x7  
  146  15:41  Ravager x7  
  146  15:42  Ravager x5  
  158  15:43  Ravager x3  
  161  15:51  Ravager x5  
  96  16:40  Roach x17  
  96  16:41  Roach  
Show
View Real Time Build Order
Export as new Build Order

EchoSteel Zerg - Winner!

Build Orders: Pool First, Lurkers 

Get SALT Encoding   

  12  0:01  Drone  
  13  0:24  Spawning Pool  
  13  0:27  Drone  
  13  0:30  Drone  
  14  0:40  Overlord  
  14  1:10  Hatchery  
  13  1:15  Queen  
  15  1:21  Zergling x2  
  15  1:24  Drone  
  17  1:28  Drone  
  18  1:42  Drone  
  19  1:59  Queen  
  19  2:00  Drone  
  19  2:01  Overlord  
  22  2:17  Evolution Chamber, Roach Warren  
  22  2:22  Queen  
  22  2:25  Extractor  
  22  2:28  Drone  
  22  2:31  Drone  
  22  2:36  Drone  
  23  2:55  Drone  
  23  2:56  Drone x5  
  29  3:13  Extractor  
  29  3:16  Queen  
  30  3:26  Drone  
  33  3:27  Drone x5  
  34  4:12  Roach  
  33  4:43  Roach  
  33  4:44  Roach  
  35  4:50  Evolution Chamber  
  29  5:00  Queen x2  
  33  5:17  Roach, Overlord x2  
  35  5:35  Zerg Missile Weapons Level 1  
  35  5:36  Lair  
  35  5:39  Queen  
  35  5:42  Roach  
  39  5:43  Roach x4  
  39  5:49  Extractor  
  46  5:58  Roach x3  
  52  6:07  Overlord x2  
  45  6:30  Drone x2  
  45  6:31  Drone x4  
  46  6:33  Queen  
  46  6:34  Queen  
  50  6:47  Glial Reconstitution  
  50  6:52  Drone  
  50  6:53  Drone x5  
  50  6:54  Hydralisk Den  
  55  7:09  Overlord x2  
  55  7:18  Drone x4  
  59  7:30  Zerg Missile Weapons Level 2  
  59  7:34  Drone x3  
  62  7:43  Drone x5  
  67  7:50  Roach  
  67  7:51  Roach  
  71  7:57  Drone  
  71  7:58  Drone  
  73  8:11  Roach, Overlord x2  
  75  8:17  Lurker Den  
  75  8:20  Drone, Extractor  
  75  8:21  Drone  
  75  8:22  Overlord  
  76  8:50  Hatchery  
  76  8:52  Hydralisk  
  76  8:53  Hydralisk x5  
  87  9:12  Overlord  
  87  9:15  Roach x4  
  95  9:27  Overlord x2  
  95  9:31  Roach  
  97  9:47  Lurker x6  
  97  9:51  Zergling x8  
  107  10:20  Roach x3  
  107  10:21  Overlord x2  
  113  10:22  Ravager  
  113  10:23  Overlord  
  114  10:37  Overlord x2  
  114  10:41  Drone  
  114  10:42  Drone x5  
  112  11:16  Roach  
  112  11:17  Roach x16  
  146  11:35  Overlord x3  
  146  11:42  Ravager  
  146  11:43  Ravager x6  
  153  12:04  Hydralisk x8  
  165  12:42  Hydralisk x8  
  148  13:08  Queen x2  
  150  13:23  Hydralisk x6  
  150  13:24  Hydralisk  
  155  13:49  Extractor  
  155  13:50  Extractor  
  153  14:05  Muscular Augments  
  153  14:06  Hydralisk x3  
  153  14:08  Drone x2  
  161  14:10  Overlord x2  
  161  14:22  Overlord x2  
  159  14:44  Spore Crawler  
  159  14:45  Drone x7  
  165  14:46  Drone  
  125  15:47  Hydralisk x2  
  125  15:48  Hydralisk x10  
  123  16:49  Drone  
Tags
 
Add a new tag
Caveats
  • Supply blocks, unpowered buildings, or Contaminate may cause inaccurate times.
  • Supply counts are checked every 10 seconds.